Detroit Red Wings vs Los Angeles Kings
Created - Sunday, October 29, 2023 at 08:16
Goals
|
| Detroit Red Wings |
0 |
2 |
3 |
5 |
| Los Angeles Kings |
0 |
3 |
0 |
3 |
|
Shots
|
| Detroit Red Wings |
13 |
11 |
11 |
35 |
| Los Angeles Kings |
12 |
15 |
10 |
37 |
|
1st period
No Goal
Penalties :
Sean Couturier (DET) for Cross-checking (Minor) at 9:05, Jonathan Huberdeau (DET) for Holding (Minor) at 12:07
2nd period
1. Los Angeles Kings , Cooper Marody 8 (K'Andre Miller 16) at 2:48
2. Los Angeles Kings , Nicklas Backstrom 19 (Alexander Romanov 9) at 4:33 (PP)
3. Los Angeles Kings , Marco Rossi 1 (Joshua Brown 8, Cooper Marody 15) at 7:03
4. Detroit Red Wings , Mika Zibanejad 24 (Carter Verhaeghe 24, MacKenzie Weegar 19) at 16:22
5. Detroit Red Wings , Steven Stamkos 28 (Patrick Kane 28, MacKenzie Weegar 20) at 16:37
Penalties :
Jonathan Huberdeau (DET) for Holding (Minor) at 4:14, Andrei Svechnikov (LAK) for Hooking (Minor) at 4:50
3rd period
6. Detroit Red Wings , Arthur Kaliyev 7 (Philippe Myers 6, Zach Bogosian 9) at 11:34
7. Detroit Red Wings , Patrick Kane 12 (Steven Stamkos 42) at 12:05 (PP)
8. Detroit Red Wings , Mika Zibanejad 25 (Patrick Kane 29, Kevin Shattenkirk 14) at 19:19 (Empty Net)
Penalties :
Peyton Krebs (LAK) for Interference (Minor) at 9:12, Peyton Krebs (LAK) for Butt-ending (Major / Game Misconduct) at 11:50
Goalie Stats
Semyon Varlamov (DET), 34 saves from 37 shots - (0.919), W, 16-9-2, 60:00 minutes
John Gibson (LAK), 30 saves from 34 shots - (0.882), L, 7-23-5, 59:46 minutes
Players Stats for Detroit Red Wings
Player Name G A P +/- PIM S H SB GA TA FO MP PP MP PK MP
------------------------------------------------------------------------------------
Alexander Barabanov 0 0 0 1 0 1 1 2 1 0 0/0 17:27 0:53 0:00
Arthur Kaliyev 1 0 1 0 0 1 0 0 0 0 0/0 7:21 0:57 0:00
Carter Verhaeghe 0 1 1 1 0 0 1 1 0 0 0/0 17:03 3:57 0:00
Daniel Sprong 0 0 0 -1 0 4 0 0 0 0 0/0 8:53 0:02 0:13
Jared McCann 0 0 0 -1 0 4 0 0 0 1 4/12 14:36 0:09 2:40
Jonathan Huberdeau 0 0 0 -1 4 0 0 0 0 0 0/0 15:08 4:03 0:00
Josh Bailey 0 0 0 0 0 2 1 0 1 0 0/0 9:04 0:47 2:10
Kevin Shattenkirk 0 1 1 2 0 0 2 1 0 1 0/0 27:04 4:16 1:37
MacKenzie Weegar 0 2 2 2 0 1 1 4 0 0 0/0 26:47 4:16 1:37
Matthew Boldy 0 0 0 1 0 1 2 0 1 0 0/0 17:06 3:56 0:00
Michael Del Zotto 0 0 0 0 0 0 1 0 0 2 0/0 14:53 4:03 0:00
Mika Zibanejad 2 0 2 2 0 5 3 1 0 0 9/20 20:08 3:59 2:36
Patrick Kane 1 2 3 2 0 9 1 0 0 1 0/1 20:14 4:04 0:00
Philippe Myers 0 1 1 1 0 0 1 1 0 0 0/0 14:35 0:38 2:40
Sean Couturier 0 0 0 1 2 1 0 0 0 0 4/6 9:12 0:00 0:55
Shayne Gostisbehere 0 0 0 -1 0 0 0 0 0 1 0/0 21:02 4:03 2:40
Steven Stamkos 1 1 2 1 0 5 0 0 0 0 17/27 19:48 4:04 0:00
Zach Bogosian 0 1 1 0 0 1 0 0 0 1 0/0 15:19 0:38 0:00
Players Stats for Los Angeles Kings
Player Name G A P +/- PIM S H SB GA TA FO MP PP MP PK MP
------------------------------------------------------------------------------------
Alexander Radulov 0 0 0 -2 0 3 0 0 1 0 0/0 12:46 0:00 0:00
Alexander Romanov 0 1 1 -2 0 2 1 1 0 0 0/0 22:22 2:14 4:13
Andrei Kuzmenko 0 0 0 -2 0 3 1 2 0 0 2/5 20:02 2:08 4:02
Andrei Svechnikov 0 0 0 -1 2 1 0 1 1 0 2/4 18:20 2:08 2:43
Cooper Marody 1 1 2 1 0 3 2 1 2 0 0/4 8:23 0:00 1:20
Erik Brannstrom 0 0 0 -1 0 1 1 1 0 0 0/0 15:34 0:00 0:41
Joshua Brown 0 1 1 0 0 3 0 0 0 0 0/0 15:07 0:00 0:31
K'Andre Miller 0 1 1 -2 0 2 3 1 0 0 0/0 22:32 2:14 4:13
Kirby Dach 0 0 0 -1 0 2 1 0 0 0 8/22 19:19 2:08 3:43
Marco Rossi 1 0 1 2 0 1 0 0 0 0 0/0 7:22 0:00 0:00
Nicklas Backstrom 1 0 1 -1 0 5 3 0 0 0 14/19 19:51 2:09 3:53
Noah Dobson 0 0 0 0 0 3 0 3 1 1 0/0 22:20 2:03 4:03
Owen Power 0 0 0 0 0 1 1 2 0 1 0/0 22:31 2:03 4:13
Peyton Krebs 0 0 0 -2 17 2 0 1 1 0 5/10 12:43 0:00 0:58
Ryan Reaves 0 0 0 2 0 0 0 0 0 0 0/0 6:36 0:00 0:00
Seth Jarvis 0 0 0 0 0 3 1 0 0 1 1/2 15:57 2:09 0:00
Trent Frederic 0 0 0 0 0 0 4 0 0 0 0/0 15:57 2:09 0:00
Vitali Kravtsov 0 0 0 -1 0 2 1 0 1 0 0/0 13:18 0:00 1:15
3 Stars
1 - Mika Zibanejad (DET)
2 - Patrick Kane (DET)
3 - MacKenzie Weegar (DET)
Power Play
Detroit Red Wings - 1 on 4 Attempt(s) - 25.00%
Los Angeles Kings - 1 on 3 Attempt(s) - 33.33%
Penalty Kill
Detroit Red Wings - 2 on 3 Attempt(s) - 66.67%
- Score 0 goal in Penalty Kill
Los Angeles Kings - 3 on 4 Attempt(s) - 75.00%
- Score 0 goal in Penalty Kill
Team Stat
Detroit Red Wings - Hits : 14 - Faceoff Wins : 34 - Blocked Shots : 10 - Penalty Minutes : 6
Los Angeles Kings - Hits : 19 - Faceoff Wins : 32 - Blocked Shots : 13 - Penalty Minutes : 19
Official
Referees : Tim Peel and Dean Morton
Linesman : Bryan Pancich and Thor Nelson
Game Notes
Daniel Sprong is injured at 4:01 of 3rd period (Bruised Right Shoulder)
Peyton Krebs ejected from game at 11:50 of 3rd period
Mika Zibanejad has scored in a empty net!
Finance
Level 1 -- Attendance: 4773 (79.55%) -- Ticket Income $477,300
Level 2 -- Attendance: 3903 (78.06%) -- Ticket Income $234,180
Level 3 -- Attendance: 2121 (70.70%) -- Ticket Income $74,235
Level 4 -- Attendance: 3616 (72.32%) -- Ticket Income $90,400
Luxury Box -- Attendance: 670 (67.00%) -- Ticket Income $134,000
Game was played at the Staples Center.
Total Attendance: 15083 (75.42%)
Total Ticket Income: $1,010,115
Other Income: $353,540
Total Income: $1,363,655
Detroit Red Wings
5 vs 5 Forward
Center Left Wing Right Wing Time % Phy DF OF
1 Steven Stamkos Alexander Barabanov Patrick Kane 35 1 1 3
2 Mika Zibanejad Carter Verhaeghe Matthew Boldy 30 1 2 2
3 Jared McCann Jonathan Huberdeau Daniel Sprong 25 2 2 1
4 Sean Couturier Josh Bailey Arthur Kaliyev 10 2 2 1
5 vs 5 Defense
Defense Defense Time % Phy DF OF
1 Kevin Shattenkirk MacKenzie Weegar 40 1 2 2
2 Zach Bogosian Shayne Gostisbehere 30 1 2 2
3 Philippe Myers Michael Del Zotto 20 3 1 1
4 Kevin Shattenkirk MacKenzie Weegar 10 1 2 2
PowerPlay Forward
Center Left Wing Right Wing Time % Phy DF OF
1 Mika Zibanejad Carter Verhaeghe Matthew Boldy 50 1 2 2
2 Steven Stamkos Jonathan Huberdeau Patrick Kane 50 1 1 3
PowerPlay Defense
Defense Defense Time % Phy DF OF
1 Kevin Shattenkirk MacKenzie Weegar 50 1 2 2
2 Shayne Gostisbehere Michael Del Zotto 50 1 2 2
Penalty Kill 4 Players Forward
Center Wing Time % Phy DF OF
1 Mika Zibanejad Jared McCann 50 1 2 2
2 Sean Couturier Josh Bailey 50 2 2 1
Penalty Kill 4 Players Defense
Defense Defense Time % Phy DF OF
1 Kevin Shattenkirk MacKenzie Weegar 50 1 2 2
2 Philippe Myers Shayne Gostisbehere 50 2 2 1
Penalty Kill - 3 Players Forward
Forward Time % Phy DF OF
1 Mika Zibanejad 50 1 2 2
2 Sean Couturier 50 1 2 2
Penalty Kill - 3 Players Defense
Defense Defense Time % Phy DF OF
1 Kevin Shattenkirk MacKenzie Weegar 50 1 2 2
2 Philippe Myers Shayne Gostisbehere 50 2 2 1
4 vs 4 Forward
Center Wing Time % Phy DF OF
1 Mika Zibanejad Carter Verhaeghe 60 1 2 2
2 Steven Stamkos Matthew Boldy 40 1 1 3
4 vs 4 Defense
Defense Defense Time % Phy DF OF
1 Kevin Shattenkirk MacKenzie Weegar 60 1 2 2
2 Shayne Gostisbehere Michael Del Zotto 40 1 2 2
Last Minutes Offensive
Center Left Wing Right Wing Defense Defense
Mika Zibanejad Steven Stamkos Matthew Boldy Kevin Shattenkirk MacKenzie Weegar
Last Minutes Defensive
Center Left Wing Right Wing Defense Defense
Mika Zibanejad Jared McCann Matthew Boldy Kevin Shattenkirk MacKenzie Weegar
Goaltenders
Starting : Semyon Varlamov
Backup : Vitek Vanecek
Extra Forwards
Normal : Sean Couturier, Daniel Sprong, Arthur Kaliyev - PP : Josh Bailey, Arthur Kaliyev - PK : Jared McCann
Extra Defensemen
Normal : Philippe Myers, Michael Del Zotto, Kevin Shattenkirk - PP : Michael Del Zotto - PK : Philippe Myers, Michael Del Zotto
Penalty Shots
Mika Zibanejad, Steven Stamkos, Matthew Boldy, Carter Verhaeghe, Jared McCann
Los Angeles Kings
5 vs 5 Forward
Center Left Wing Right Wing Time % Phy DF OF
1 Kirby Dach Andrei Svechnikov Andrei Kuzmenko 30 1 2 2
2 Nicklas Backstrom Trent Frederic Seth Jarvis 30 1 2 2
3 Peyton Krebs Vitali Kravtsov Alexander Radulov 25 1 2 2
4 Cooper Marody Marco Rossi Ryan Reaves 15 1 2 2
5 vs 5 Defense
Defense Defense Time % Phy DF OF
1 K'Andre Miller Alexander Romanov 35 1 2 2
2 Noah Dobson Owen Power 35 1 2 2
3 Joshua Brown Erik Brannstrom 30 1 2 2
4 K'Andre Miller Alexander Romanov 0 1 2 2
PowerPlay Forward
Center Left Wing Right Wing Time % Phy DF OF
1 Kirby Dach Andrei Svechnikov Andrei Kuzmenko 50 1 2 2
2 Nicklas Backstrom Trent Frederic Seth Jarvis 50 1 2 2
PowerPlay Defense
Defense Defense Time % Phy DF OF
1 K'Andre Miller Alexander Romanov 50 1 2 2
2 Noah Dobson Owen Power 50 1 2 2
Penalty Kill 4 Players Forward
Center Wing Time % Phy DF OF
1 Andrei Svechnikov Kirby Dach 50 1 2 2
2 Andrei Kuzmenko Nicklas Backstrom 50 1 2 2
Penalty Kill 4 Players Defense
Defense Defense Time % Phy DF OF
1 K'Andre Miller Alexander Romanov 50 1 2 2
2 Noah Dobson Owen Power 50 1 2 2
Penalty Kill - 3 Players Forward
Forward Time % Phy DF OF
1 Andrei Svechnikov 50 1 2 2
2 Kirby Dach 50 1 2 2
Penalty Kill - 3 Players Defense
Defense Defense Time % Phy DF OF
1 K'Andre Miller Alexander Romanov 50 1 2 2
2 Noah Dobson Owen Power 50 1 2 2
4 vs 4 Forward
Center Wing Time % Phy DF OF
1 Andrei Svechnikov Kirby Dach 50 1 2 2
2 Andrei Kuzmenko Nicklas Backstrom 50 1 2 2
4 vs 4 Defense
Defense Defense Time % Phy DF OF
1 K'Andre Miller Alexander Romanov 50 1 2 2
2 Noah Dobson Owen Power 50 1 2 2
Last Minutes Offensive
Center Left Wing Right Wing Defense Defense
Kirby Dach Andrei Svechnikov Andrei Kuzmenko K'Andre Miller Alexander Romanov
Last Minutes Defensive
Center Left Wing Right Wing Defense Defense
Kirby Dach Andrei Svechnikov Andrei Kuzmenko K'Andre Miller Alexander Romanov
Goaltenders
Starting : John Gibson
Backup : Jonas Johansson
Extra Forwards
Normal : Marco Rossi, Alexander Radulov, Peyton Krebs - PP : Marco Rossi, Alexander Radulov - PK : Peyton Krebs
Extra Defensemen
Normal : Joshua Brown, Erik Brannstrom, Noah Dobson - PP : Joshua Brown - PK : Erik Brannstrom, Noah Dobson
Penalty Shots
Andrei Svechnikov, Kirby Dach, Andrei Kuzmenko, Nicklas Backstrom, Seth Jarvis
% Time on Ice - Detroit Red Wings
Lines # - Real PCT - Wanted PCT - Time Play
Normal Forward
1 - 34% - 35% - 15:47
2 - 32% - 30% - 14:37
3 - 23% - 25% - 10:41
4 - 11% - 10% - 5:11
Normal Defense
1 - 39% - 40% - 18:06
2 - 32% - 30% - 14:47
3 - 24% - 20% - 11:02
4 - 5% - 10% - 2:21
PP Forward
1 - 49% - 50% - 4:24
2 - 51% - 50% - 4:33
PP Defense
1 - 48% - 50% - 4:16
2 - 52% - 50% - 4:41
PK Forward
1 - 44% - 50% - 1:54
2 - 56% - 50% - 2:23
PK Defense
1 - 38% - 50% - 1:37
2 - 62% - 50% - 2:40
PK3 Forward
1 - 0% - 50%
2 - 0% - 50%
PK3 Defense
1 - 0% - 50%
2 - 0% - 50%
44 Forward
1 - 0% - 60%
2 - 0% - 40%
44 Defense
1 - 0% - 60%
2 - 0% - 40%
Last Minute Offensive - 0:00
Last Minute Defensive - 0:30
Total
Forward - 60:00
Defense - 60:00
|
% Time on Ice - Los Angeles Kings
Lines # - Real PCT - Wanted PCT - Time Play
Normal Forward
1 - 29% - 30% - 13:39
2 - 31% - 30% - 14:33
3 - 25% - 25% - 11:32
4 - 14% - 15% - 6:36
Normal Defense
1 - 34% - 35% - 15:39
2 - 35% - 35% - 16:05
3 - 32% - 30% - 14:36
4 - 0% - 0% - 0:00
PP Forward
1 - 50% - 50% - 2:08
2 - 50% - 50% - 2:09
PP Defense
1 - 52% - 50% - 2:14
2 - 48% - 50% - 2:03
PK Forward
1 - 48% - 50% - 4:19
2 - 52% - 50% - 4:38
PK Defense
1 - 53% - 50% - 4:44
2 - 47% - 50% - 4:13
PK3 Forward
1 - 0% - 50%
2 - 0% - 50%
PK3 Defense
1 - 0% - 50%
2 - 0% - 50%
44 Forward
1 - 0% - 50%
2 - 0% - 50%
44 Defense
1 - 0% - 50%
2 - 0% - 50%
Last Minute Offensive - 0:26
Last Minute Defensive - 0:00
Total
Forward - 60:00
Defense - 60:00
|
Play-by-Play
1st period
0:01 of 1st period - Steven Stamkos wins face-off versus Andrei Svechnikov in neutral zone.
0:10 of 1st period - Snap shot by Steven Stamkos.
0:10 of 1st period - Shot Misses the Net.
0:26 of 1st period - Trent Frederic is hit by Mika Zibanejad and loses puck.
0:57 of 1st period - Slapshot by Jared McCann.
0:57 of 1st period - Shot Misses the Net.
0:59 of 1st period - Snap shot by Jonathan Huberdeau.
0:59 of 1st period - Shot Blocked by Cooper Marody.
1:01 of 1st period - Snap shot by MacKenzie Weegar.
1:01 of 1st period - Deflect By Daniel Sprong.
1:01 of 1st period - Shot Misses the Net.
1:01 of 1st period - Puck is out of play.
1:02 of 1st period - Sean Couturier wins face-off versus Peyton Krebs in Los Angeles Kings zone.
1:29 of 1st period - Shayne Gostisbehere is hit by Trent Frederic and loses puck.
1:47 of 1st period - Icing by Joshua Brown.
1:48 of 1st period - Kirby Dach wins face-off versus Jared McCann in Los Angeles Kings zone.
2:01 of 1st period - Snap shot by Andrei Kuzmenko.
2:01 of 1st period - Shot Misses the Net.
2:35 of 1st period - Off-side.
2:36 of 1st period - Mika Zibanejad wins face-off versus Cooper Marody in neutral zone.
3:34 of 1st period - Snap shot by Seth Jarvis.
3:34 of 1st period - Shot Misses the Net.
4:06 of 1st period - Slapshot by Steven Stamkos.
4:06 of 1st period - Stopped by John Gibson without a rebound.
4:07 of 1st period - Steven Stamkos wins face-off versus Cooper Marody in Los Angeles Kings zone.
4:34 of 1st period - Kevin Shattenkirk is hit by Nicklas Backstrom.
5:45 of 1st period - Slapshot by Mika Zibanejad.
5:45 of 1st period - Stopped by John Gibson with a rebound.
6:29 of 1st period - Snap shot by Cooper Marody.
6:29 of 1st period - Stopped by Semyon Varlamov with a rebound.
6:35 of 1st period - K'Andre Miller is hit by Kevin Shattenkirk and loses puck.
7:16 of 1st period - Snap shot by Seth Jarvis.
7:16 of 1st period - Shot Misses the Net.
7:30 of 1st period - Wrist shot by Andrei Svechnikov.
7:30 of 1st period - Shot Blocked by Mika Zibanejad.
7:32 of 1st period - Slapshot by Joshua Brown.
7:32 of 1st period - Stopped by Semyon Varlamov with a rebound.
8:37 of 1st period - Snap shot by Jonathan Huberdeau.
8:37 of 1st period - Shot Blocked by Owen Power.
9:05 of 1st period - Minor Penalty to Sean Couturier for Cross-checking.
9:06 of 1st period - Mika Zibanejad wins face-off versus Kirby Dach in Detroit Red Wings zone.
9:31 of 1st period - K'Andre Miller is hit by Philippe Myers and loses puck.
9:38 of 1st period - Mika Zibanejad is hit by Trent Frederic and loses puck.
10:11 of 1st period - Icing by Trent Frederic.
10:12 of 1st period - Jared McCann wins face-off versus Nicklas Backstrom in Los Angeles Kings zone.
10:13 of 1st period - Slapshot by Daniel Sprong.
10:13 of 1st period - Shot Blocked by Noah Dobson.
10:27 of 1st period - Wrist shot by Andrei Svechnikov.
10:27 of 1st period - Shot Misses the Net.
10:29 of 1st period - Snap shot by Andrei Kuzmenko.
10:29 of 1st period - Stopped by Semyon Varlamov without a rebound.
10:30 of 1st period - Kirby Dach wins face-off versus Mika Zibanejad in Detroit Red Wings zone.
10:57 of 1st period - Snap shot by Andrei Svechnikov.
10:57 of 1st period - Deflect By Andrei Kuzmenko.
10:57 of 1st period - Shot Misses the Net.
10:57 of 1st period - Puck is out of play.
10:58 of 1st period - Nicklas Backstrom wins face-off versus Jared McCann in Detroit Red Wings zone.
11:05 of 1st period - Penalty to Sean Couturier is over, Sean Couturier is back on ice.
11:08 of 1st period - Snap shot by Nicklas Backstrom.
11:08 of 1st period - Shot Blocked by MacKenzie Weegar.
11:10 of 1st period - Snap shot by K'Andre Miller.
11:10 of 1st period - Stopped by Semyon Varlamov without a rebound.
11:11 of 1st period - Kirby Dach wins face-off versus Steven Stamkos in Detroit Red Wings zone.
11:14 of 1st period - Wrist shot by Andrei Svechnikov.
11:14 of 1st period - Stopped by Semyon Varlamov without a rebound.
11:15 of 1st period - Steven Stamkos wins face-off versus Kirby Dach in Detroit Red Wings zone.
11:24 of 1st period - Wrist shot by Patrick Kane.
11:24 of 1st period - Shot Blocked by Andrei Svechnikov.
11:54 of 1st period - Joshua Brown is hit by MacKenzie Weegar and loses puck.
12:07 of 1st period - Minor Penalty to Jonathan Huberdeau for Holding.
12:08 of 1st period - Nicklas Backstrom wins face-off versus Jared McCann in Detroit Red Wings zone.
12:52 of 1st period - Trent Frederic is hit by Mika Zibanejad and loses puck.
13:05 of 1st period - Wrist shot by Josh Bailey.
13:05 of 1st period - Deflect By Sean Couturier.
13:05 of 1st period - Shot Misses the Net.
13:05 of 1st period - Puck is out of play.
13:06 of 1st period - Sean Couturier wins face-off versus Kirby Dach in Los Angeles Kings zone.
13:30 of 1st period - MacKenzie Weegar is hit by Nicklas Backstrom and loses puck.
14:07 of 1st period - Penalty to Jonathan Huberdeau is over, Jonathan Huberdeau is back on ice.
14:16 of 1st period - MacKenzie Weegar is hit by Alexander Romanov and loses puck.
14:23 of 1st period - Wrist shot by Peyton Krebs.
14:23 of 1st period - Shot Misses the Net.
14:40 of 1st period - Slapshot by Noah Dobson.
14:40 of 1st period - Stopped by Semyon Varlamov without a rebound.
14:41 of 1st period - Nicklas Backstrom wins face-off versus Steven Stamkos in Detroit Red Wings zone.
14:48 of 1st period - Snap shot by Patrick Kane.
14:48 of 1st period - Stopped by John Gibson with a rebound.
14:54 of 1st period - Snap shot by Seth Jarvis.
14:54 of 1st period - Stopped by Semyon Varlamov with a rebound.
14:56 of 1st period - Slapshot by Noah Dobson.
14:56 of 1st period - Shot Misses the Net.
15:15 of 1st period - Snap shot by Daniel Sprong.
15:15 of 1st period - Shot Blocked by K'Andre Miller.
15:17 of 1st period - Snap shot by Jared McCann.
15:17 of 1st period - Deflect By Jonathan Huberdeau.
15:17 of 1st period - Shot Misses the Net.
15:17 of 1st period - Puck is out of play.
15:18 of 1st period - Nicklas Backstrom wins face-off versus Mika Zibanejad in Los Angeles Kings zone.
15:23 of 1st period - Snap shot by Nicklas Backstrom.
15:23 of 1st period - Shot Blocked by MacKenzie Weegar.
15:25 of 1st period - Wrist shot by Nicklas Backstrom.
15:25 of 1st period - Shot Misses the Net.
15:27 of 1st period - Wrist shot by Nicklas Backstrom.
15:27 of 1st period - Deflect By Trent Frederic.
15:27 of 1st period - Shot Blocked by MacKenzie Weegar.
15:27 of 1st period - Puck is out of play.
15:28 of 1st period - Nicklas Backstrom wins face-off versus Mika Zibanejad in Detroit Red Wings zone.
16:07 of 1st period - Trent Frederic is hit by Mika Zibanejad and loses puck.
16:20 of 1st period - Snap shot by Seth Jarvis.
16:20 of 1st period - Stopped by Semyon Varlamov with a rebound.
16:22 of 1st period - Slapshot by Alexander Romanov.
16:22 of 1st period - Stopped by Semyon Varlamov without a rebound.
16:23 of 1st period - Steven Stamkos wins face-off versus Andrei Kuzmenko in Detroit Red Wings zone.
16:59 of 1st period - Snap shot by Jared McCann.
16:59 of 1st period - Shot Misses the Net.
17:01 of 1st period - Slapshot by Shayne Gostisbehere.
17:01 of 1st period - Shot Blocked by Erik Brannstrom.
17:03 of 1st period - Wrist shot by Jared McCann.
17:03 of 1st period - Deflect By Alexander Radulov.
17:03 of 1st period - Shot Misses the Net.
17:03 of 1st period - Puck is out of play.
17:04 of 1st period - Sean Couturier wins face-off versus Peyton Krebs in Los Angeles Kings zone.
17:15 of 1st period - Wrist shot by Josh Bailey.
17:15 of 1st period - Stopped by John Gibson without a rebound.
17:16 of 1st period - Steven Stamkos wins face-off versus Kirby Dach in Los Angeles Kings zone.
17:17 of 1st period - Slapshot by Patrick Kane.
17:17 of 1st period - Stopped by John Gibson with a rebound.
17:19 of 1st period - Snap shot by Patrick Kane.
17:19 of 1st period - Stopped by John Gibson with a rebound.
17:21 of 1st period - Wrist shot by Patrick Kane.
17:21 of 1st period - Stopped by John Gibson with a rebound.
17:29 of 1st period - Snap shot by Kirby Dach.
17:29 of 1st period - Stopped by Semyon Varlamov without a rebound.
17:30 of 1st period - Steven Stamkos wins face-off versus Peyton Krebs in Detroit Red Wings zone.
17:35 of 1st period - Wrist shot by Patrick Kane.
17:35 of 1st period - Stopped by John Gibson with a rebound.
17:43 of 1st period - Snap shot by Steven Stamkos.
17:43 of 1st period - Stopped by John Gibson with a rebound.
17:45 of 1st period - Snap shot by Patrick Kane.
17:45 of 1st period - Deflect By Steven Stamkos.
17:45 of 1st period - Shot Misses the Net.
17:45 of 1st period - Puck is out of play.
17:46 of 1st period - Mika Zibanejad wins face-off versus Kirby Dach in Los Angeles Kings zone.
17:49 of 1st period - Snap shot by Matthew Boldy.
17:49 of 1st period - Stopped by John Gibson with a rebound.
18:31 of 1st period - Slapshot by Cooper Marody.
18:31 of 1st period - Shot Blocked by MacKenzie Weegar.
18:55 of 1st period - Slapshot by Daniel Sprong.
18:55 of 1st period - Shot Misses the Net.
19:19 of 1st period - Wrist shot by Andrei Kuzmenko.
19:19 of 1st period - Shot Misses the Net.
19:21 of 1st period - Slapshot by Owen Power.
19:21 of 1st period - Stopped by Semyon Varlamov with a rebound.
19:35 of 1st period - Wrist shot by Peyton Krebs.
19:35 of 1st period - Stopped by Semyon Varlamov without a rebound.
19:36 of 1st period - Jared McCann wins face-off versus Peyton Krebs in Detroit Red Wings zone.
19:45 of 1st period - Snap shot by Daniel Sprong.
19:45 of 1st period - Stopped by John Gibson with a rebound.
19:47 of 1st period - Wrist shot by Jared McCann.
19:47 of 1st period - Stopped by John Gibson with a rebound.
19:49 of 1st period - Slapshot by Shayne Gostisbehere.
19:49 of 1st period - Shot Blocked by Alexander Romanov.
19:51 of 1st period - Snap shot by Daniel Sprong.
19:51 of 1st period - Stopped by John Gibson with a rebound.
Goals for this period are 0 for Detroit Red Wings vs 0 for Los Angeles Kings.
Shots for this period are 13 for Detroit Red Wings vs 12 for Los Angeles Kings.
2nd period
0:01 of 2nd period - Steven Stamkos wins face-off versus Kirby Dach in neutral zone.
1:05 of 2nd period - Slapshot by Alexander Radulov.
1:05 of 2nd period - Shot Misses the Net.
1:07 of 2nd period - Wrist shot by Vitali Kravtsov.
1:07 of 2nd period - Stopped by Semyon Varlamov with a rebound.
1:17 of 2nd period - Daniel Sprong is hit by Cooper Marody and loses puck.
1:24 of 2nd period - Slapshot by Cooper Marody.
1:24 of 2nd period - Shot Misses the Net.
1:26 of 2nd period - Slapshot by K'Andre Miller.
1:26 of 2nd period - Deflect By Shayne Gostisbehere.
1:26 of 2nd period - Stopped by Semyon Varlamov without a rebound.
1:27 of 2nd period - Steven Stamkos wins face-off versus Kirby Dach in Detroit Red Wings zone.
1:32 of 2nd period - Snap shot by Steven Stamkos.
1:32 of 2nd period - Stopped by John Gibson with a rebound.
2:41 of 2nd period - Jared McCann is hit by K'Andre Miller and loses puck.
2:46 of 2nd period - Slapshot by Cooper Marody.
2:46 of 2nd period - Stopped by Semyon Varlamov with a rebound.
2:48 of 2nd period - Snap shot by Cooper Marody.
2:48 of 2nd period - Goal by Cooper Marody - Detroit Red Wings : 0 - Los Angeles Kings : 1.
2:49 of 2nd period - Kirby Dach wins face-off versus Steven Stamkos in neutral zone.
3:22 of 2nd period - Wrist shot by Patrick Kane.
3:22 of 2nd period - Stopped by John Gibson with a rebound.
3:24 of 2nd period - Backhand shot by Patrick Kane.
3:24 of 2nd period - Shot Misses the Net.
3:30 of 2nd period - Snap shot by Patrick Kane.
3:30 of 2nd period - Stopped by John Gibson with a rebound.
3:32 of 2nd period - Slapshot by MacKenzie Weegar.
3:32 of 2nd period - Shot Misses the Net.
3:34 of 2nd period - Wrist shot by MacKenzie Weegar.
3:34 of 2nd period - Deflect By Patrick Kane.
3:34 of 2nd period - Stopped by John Gibson without a rebound.
3:35 of 2nd period - Nicklas Backstrom wins face-off versus Mika Zibanejad in Los Angeles Kings zone.
3:39 of 2nd period - Off-side.
3:40 of 2nd period - Mika Zibanejad wins face-off versus Seth Jarvis in neutral zone.
3:53 of 2nd period - Slapshot by Matthew Boldy.
3:53 of 2nd period - Shot Misses the Net.
4:14 of 2nd period - Minor Penalty to Jonathan Huberdeau for Holding.
4:15 of 2nd period - Nicklas Backstrom wins face-off versus Mika Zibanejad in Detroit Red Wings zone.
4:21 of 2nd period - Wrist shot by Seth Jarvis.
4:21 of 2nd period - Shot Blocked by Kevin Shattenkirk.
4:23 of 2nd period - Slapshot by Alexander Romanov.
4:23 of 2nd period - Stopped by Semyon Varlamov without a rebound.
4:24 of 2nd period - Mika Zibanejad wins face-off versus Nicklas Backstrom in Detroit Red Wings zone.
4:33 of 2nd period - Wrist shot by Nicklas Backstrom.
4:33 of 2nd period - Goal by Nicklas Backstrom - Detroit Red Wings : 0 - Los Angeles Kings : 2.
4:34 of 2nd period - Andrei Svechnikov wins face-off versus Steven Stamkos in neutral zone.
4:50 of 2nd period - Minor Penalty to Andrei Svechnikov for Hooking.
4:51 of 2nd period - Peyton Krebs wins face-off versus Mika Zibanejad in Los Angeles Kings zone.
5:18 of 2nd period - MacKenzie Weegar is hit by K'Andre Miller and loses puck.
6:05 of 2nd period - Wrist shot by Carter Verhaeghe.
6:05 of 2nd period - Shot Misses the Net.
6:07 of 2nd period - Slapshot by MacKenzie Weegar.
6:07 of 2nd period - Stopped by John Gibson with a rebound.
6:09 of 2nd period - Snap shot by Kevin Shattenkirk.
6:09 of 2nd period - Shot Blocked by Andrei Kuzmenko.
6:50 of 2nd period - Penalty to Andrei Svechnikov is over, Andrei Svechnikov is back on ice.
6:59 of 2nd period - Backhand shot by Marco Rossi.
6:59 of 2nd period - Shot Misses the Net.
7:01 of 2nd period - Slapshot by Joshua Brown.
7:01 of 2nd period - Shot Misses the Net.
7:03 of 2nd period - Wrist shot by Marco Rossi.
7:03 of 2nd period - Goal by Marco Rossi - Detroit Red Wings : 0 - Los Angeles Kings : 3.
7:04 of 2nd period - Steven Stamkos wins face-off versus Nicklas Backstrom in neutral zone.
7:29 of 2nd period - Noah Dobson is hit by Michael Del Zotto and loses puck.
8:32 of 2nd period - Off-side.
8:33 of 2nd period - Seth Jarvis wins face-off versus Sean Couturier in neutral zone.
8:40 of 2nd period - Wrist shot by Seth Jarvis.
8:40 of 2nd period - Deflect By Josh Bailey.
8:40 of 2nd period - Shot Misses the Net.
8:40 of 2nd period - Puck is out of play.
8:41 of 2nd period - Mika Zibanejad wins face-off versus Nicklas Backstrom in Detroit Red Wings zone.
8:41 of 2nd period - Mika Zibanejad is hit by Trent Frederic.
8:54 of 2nd period - Off-side.
8:55 of 2nd period - Steven Stamkos wins face-off versus Kirby Dach in neutral zone.
9:22 of 2nd period - Carter Verhaeghe is hit by Seth Jarvis and loses puck.
9:48 of 2nd period - Snap shot by Daniel Sprong.
9:48 of 2nd period - Stopped by John Gibson with a rebound.
10:08 of 2nd period - Snap shot by Josh Bailey.
10:08 of 2nd period - Stopped by John Gibson with a rebound.
10:13 of 2nd period - Off-side.
10:14 of 2nd period - Steven Stamkos wins face-off versus Kirby Dach in neutral zone.
10:43 of 2nd period - Snap shot by Matthew Boldy.
10:43 of 2nd period - Deflect By Mika Zibanejad.
10:43 of 2nd period - Stopped by John Gibson with a rebound.
11:05 of 2nd period - Slapshot by Daniel Sprong.
11:05 of 2nd period - Stopped by John Gibson with a rebound.
12:30 of 2nd period - Slapshot by Vitali Kravtsov.
12:30 of 2nd period - Stopped by Semyon Varlamov with a rebound.
12:32 of 2nd period - Slapshot by Alexander Radulov.
12:32 of 2nd period - Shot Misses the Net.
12:34 of 2nd period - Slapshot by Erik Brannstrom.
12:34 of 2nd period - Stopped by Semyon Varlamov without a rebound.
12:35 of 2nd period - Steven Stamkos wins face-off versus Peyton Krebs in Detroit Red Wings zone.
12:56 of 2nd period - Snap shot by Alexander Radulov.
12:56 of 2nd period - Shot Blocked by Alexander Barabanov.
12:58 of 2nd period - Slapshot by Joshua Brown.
12:58 of 2nd period - Stopped by Semyon Varlamov with a rebound.
13:00 of 2nd period - Wrist shot by Joshua Brown.
13:00 of 2nd period - Stopped by Semyon Varlamov without a rebound.
13:01 of 2nd period - Nicklas Backstrom wins face-off versus Mika Zibanejad in Detroit Red Wings zone.
13:04 of 2nd period - Snap shot by Nicklas Backstrom.
13:04 of 2nd period - Stopped by Semyon Varlamov without a rebound.
13:05 of 2nd period - Nicklas Backstrom wins face-off versus Mika Zibanejad in Detroit Red Wings zone.
13:56 of 2nd period - Ryan Reaves is hit by Kevin Shattenkirk and loses puck.
14:15 of 2nd period - Slapshot by Alexander Romanov.
14:15 of 2nd period - Deflect By Nicklas Backstrom.
14:15 of 2nd period - Shot Misses the Net.
14:15 of 2nd period - Puck is out of play.
14:16 of 2nd period - Nicklas Backstrom wins face-off versus Sean Couturier in Detroit Red Wings zone.
14:28 of 2nd period - Slapshot by Nicklas Backstrom.
14:28 of 2nd period - Deflect By Josh Bailey.
14:28 of 2nd period - Shot Misses the Net.
14:28 of 2nd period - Puck is out of play.
14:29 of 2nd period - Steven Stamkos wins face-off versus Kirby Dach in Detroit Red Wings zone.
15:01 of 2nd period - Slapshot by Owen Power.
15:01 of 2nd period - Deflect By Nicklas Backstrom.
15:01 of 2nd period - Stopped by Semyon Varlamov without a rebound.
15:02 of 2nd period - Kirby Dach wins face-off versus Jared McCann in Detroit Red Wings zone.
15:52 of 2nd period - Wrist shot by Noah Dobson.
15:52 of 2nd period - Stopped by Semyon Varlamov without a rebound.
15:53 of 2nd period - Peyton Krebs wins face-off versus Mika Zibanejad in Detroit Red Wings zone.
15:54 of 2nd period - Snap shot by Alexander Radulov.
15:54 of 2nd period - Shot Blocked by Carter Verhaeghe.
16:22 of 2nd period - Wrist shot by Mika Zibanejad.
16:22 of 2nd period - Goal by Mika Zibanejad - Detroit Red Wings : 1 - Los Angeles Kings : 3.
16:23 of 2nd period - Steven Stamkos wins face-off versus Kirby Dach in neutral zone.
16:37 of 2nd period - Wrist shot by Steven Stamkos.
16:37 of 2nd period - Goal by Steven Stamkos - Detroit Red Wings : 2 - Los Angeles Kings : 3.
16:38 of 2nd period - Kirby Dach wins face-off versus Jared McCann in neutral zone.
16:40 of 2nd period - Off-side.
16:41 of 2nd period - Andrei Svechnikov wins face-off versus Jared McCann in neutral zone.
17:07 of 2nd period - Erik Brannstrom is hit by Patrick Kane and loses puck.
17:34 of 2nd period - Snap shot by Mika Zibanejad.
17:34 of 2nd period - Shot Blocked by Peyton Krebs.
17:56 of 2nd period - Wrist shot by Josh Bailey.
17:56 of 2nd period - Shot Misses the Net.
19:03 of 2nd period - Shayne Gostisbehere is hit by Cooper Marody and loses puck.
19:31 of 2nd period - Slapshot by Kirby Dach.
19:31 of 2nd period - Stopped by Semyon Varlamov without a rebound.
19:32 of 2nd period - Nicklas Backstrom wins face-off versus Steven Stamkos in Detroit Red Wings zone.
19:36 of 2nd period - Icing by Kevin Shattenkirk.
19:37 of 2nd period - Nicklas Backstrom wins face-off versus Patrick Kane in Detroit Red Wings zone.
Goals for this period are 2 for Detroit Red Wings vs 3 for Los Angeles Kings.
Shots for this period are 11 for Detroit Red Wings vs 15 for Los Angeles Kings.
3rd period
0:01 of 3rd period - Mika Zibanejad wins face-off versus Kirby Dach in neutral zone.
0:06 of 3rd period - Snap shot by Mika Zibanejad.
0:06 of 3rd period - Deflect By Andrei Kuzmenko.
0:06 of 3rd period - Stopped by John Gibson with a rebound.
0:14 of 3rd period - Slapshot by Owen Power.
0:14 of 3rd period - Shot Misses the Net.
0:33 of 3rd period - Wrist shot by Steven Stamkos.
0:33 of 3rd period - Stopped by John Gibson with a rebound.
0:35 of 3rd period - Slapshot by Alexander Barabanov.
0:35 of 3rd period - Shot Misses the Net.
0:53 of 3rd period - Sean Couturier is hit by Nicklas Backstrom and loses puck.
1:20 of 3rd period - Slapshot by Alexander Radulov.
1:20 of 3rd period - Stopped by Semyon Varlamov without a rebound.
1:21 of 3rd period - Peyton Krebs wins face-off versus Steven Stamkos in Detroit Red Wings zone.
1:22 of 3rd period - Slapshot by Alexander Radulov.
1:22 of 3rd period - Stopped by Semyon Varlamov with a rebound.
1:24 of 3rd period - Slapshot by Owen Power.
1:24 of 3rd period - Shot Blocked by Alexander Barabanov.
1:26 of 3rd period - Slapshot by Noah Dobson.
1:26 of 3rd period - Deflect By Shayne Gostisbehere.
1:26 of 3rd period - Stopped by Semyon Varlamov with a rebound.
2:09 of 3rd period - Wrist shot by Alexander Radulov.
2:09 of 3rd period - Stopped by Semyon Varlamov without a rebound.
2:10 of 3rd period - Mika Zibanejad wins face-off versus Kirby Dach in Detroit Red Wings zone.
2:19 of 3rd period - Off-side.
2:20 of 3rd period - Kirby Dach wins face-off versus Mika Zibanejad in neutral zone.
2:26 of 3rd period - Wrist shot by Andrei Kuzmenko.
2:26 of 3rd period - Stopped by Semyon Varlamov with a rebound.
2:28 of 3rd period - Slapshot by Alexander Romanov.
2:28 of 3rd period - Shot Misses the Net.
2:44 of 3rd period - Wrist shot by Andrei Kuzmenko.
2:44 of 3rd period - Shot Misses the Net.
2:50 of 3rd period - Slapshot by Andrei Kuzmenko.
2:50 of 3rd period - Stopped by Semyon Varlamov without a rebound.
2:51 of 3rd period - Nicklas Backstrom wins face-off versus Jared McCann in Detroit Red Wings zone.
3:04 of 3rd period - Wrist shot by Nicklas Backstrom.
3:04 of 3rd period - Stopped by Semyon Varlamov with a rebound.
3:06 of 3rd period - Snap shot by Seth Jarvis.
3:06 of 3rd period - Stopped by Semyon Varlamov with a rebound.
3:25 of 3rd period - Wrist shot by Alexander Radulov.
3:25 of 3rd period - Shot Misses the Net.
3:32 of 3rd period - Icing by Philippe Myers.
3:33 of 3rd period - Steven Stamkos wins face-off versus Cooper Marody in Detroit Red Wings zone.
3:43 of 3rd period - Marco Rossi is hit by Matthew Boldy and loses puck.
4:00 of 3rd period - Daniel Sprong is hit by Kirby Dach and loses puck.
4:01 of 3rd period - Daniel Sprong from Detroit Red Wings is injured at 4:01 of 3rd period (Bruised Right Shoulder).
4:02 of 3rd period - Kirby Dach wins face-off versus Jared McCann in Detroit Red Wings zone.
4:08 of 3rd period - Icing by Kevin Shattenkirk.
4:09 of 3rd period - Jared McCann wins face-off versus Andrei Svechnikov in Detroit Red Wings zone.
4:14 of 3rd period - Backhand shot by Jared McCann.
4:14 of 3rd period - Stopped by John Gibson without a rebound.
4:15 of 3rd period - Jared McCann wins face-off versus Kirby Dach in Los Angeles Kings zone.
4:22 of 3rd period - Snap shot by Jonathan Huberdeau.
4:22 of 3rd period - Shot Blocked by Noah Dobson.
4:24 of 3rd period - Wrist shot by Jared McCann.
4:24 of 3rd period - Deflect By Noah Dobson.
4:24 of 3rd period - Stopped by John Gibson with a rebound.
4:26 of 3rd period - Snap shot by Jonathan Huberdeau.
4:26 of 3rd period - Shot Blocked by Noah Dobson.
4:40 of 3rd period - Owen Power is hit by Matthew Boldy and loses puck.
4:51 of 3rd period - Snap shot by Andrei Svechnikov.
4:51 of 3rd period - Shot Misses the Net.
5:35 of 3rd period - Snap shot by Jared McCann.
5:35 of 3rd period - Stopped by John Gibson with a rebound.
6:20 of 3rd period - Slapshot by K'Andre Miller.
6:20 of 3rd period - Shot Blocked by Philippe Myers.
6:32 of 3rd period - Philippe Myers is hit by Erik Brannstrom and loses puck.
7:24 of 3rd period - Wrist shot by Peyton Krebs.
7:24 of 3rd period - Stopped by Semyon Varlamov with a rebound.
7:26 of 3rd period - Slapshot by Vitali Kravtsov.
7:26 of 3rd period - Shot Misses the Net.
7:32 of 3rd period - MacKenzie Weegar is hit by Owen Power and loses puck.
7:47 of 3rd period - Mika Zibanejad is hit by Trent Frederic and loses puck.
7:52 of 3rd period - Snap shot by Nicklas Backstrom.
7:52 of 3rd period - Stopped by Semyon Varlamov without a rebound.
7:53 of 3rd period - Steven Stamkos wins face-off versus Nicklas Backstrom in Detroit Red Wings zone.
7:58 of 3rd period - Slapshot by Alexander Barabanov.
7:58 of 3rd period - Stopped by John Gibson without a rebound.
7:59 of 3rd period - Nicklas Backstrom wins face-off versus Steven Stamkos in Los Angeles Kings zone.
7:59 of 3rd period - Seth Jarvis is hit by Alexander Barabanov.
8:15 of 3rd period - Snap shot by Nicklas Backstrom.
8:15 of 3rd period - Shot Misses the Net.
8:49 of 3rd period - Snap shot by Cooper Marody.
8:49 of 3rd period - Shot Misses the Net.
9:12 of 3rd period - Minor Penalty to Peyton Krebs for Interference.
9:13 of 3rd period - Andrei Kuzmenko wins face-off versus Steven Stamkos in Los Angeles Kings zone.
11:12 of 3rd period - Penalty to Peyton Krebs is over, Peyton Krebs is back on ice.
11:30 of 3rd period - Snap shot by Sean Couturier.
11:30 of 3rd period - Stopped by John Gibson with a rebound.
11:32 of 3rd period - Wrist shot by Zach Bogosian.
11:32 of 3rd period - Stopped by John Gibson with a rebound.
11:34 of 3rd period - Slapshot by Philippe Myers.
11:34 of 3rd period - Deflect By Arthur Kaliyev.
11:34 of 3rd period - Goal by Arthur Kaliyev - Detroit Red Wings : 3 - Los Angeles Kings : 3.
11:35 of 3rd period - Peyton Krebs wins face-off versus Steven Stamkos in neutral zone.
11:39 of 3rd period - Off-side.
11:40 of 3rd period - Peyton Krebs wins face-off versus Steven Stamkos in neutral zone.
11:50 of 3rd period - Major / Game Misconduct Penalty to Peyton Krebs for Butt-ending.
11:50 of 3rd period - Peyton Krebs is ejected from game.
11:51 of 3rd period - Steven Stamkos wins face-off versus Andrei Kuzmenko in Los Angeles Kings zone.
12:01 of 3rd period - Snap shot by Patrick Kane.
12:01 of 3rd period - Shot Blocked by Andrei Kuzmenko.
12:03 of 3rd period - Wrist shot by Steven Stamkos.
12:03 of 3rd period - Shot Blocked by Owen Power.
12:05 of 3rd period - Snap shot by Patrick Kane.
12:05 of 3rd period - Goal by Patrick Kane - Detroit Red Wings : 4 - Los Angeles Kings : 3.
12:06 of 3rd period - Andrei Kuzmenko wins face-off versus Mika Zibanejad in neutral zone.
12:08 of 3rd period - Off-side.
12:09 of 3rd period - Mika Zibanejad wins face-off versus Andrei Kuzmenko in neutral zone.
13:47 of 3rd period - Andrei Kuzmenko is hit by Carter Verhaeghe and loses puck.
16:49 of 3rd period - Michael Del Zotto is hit by Vitali Kravtsov and loses puck.
16:50 of 3rd period - Penalty to Peyton Krebs is over, Alexander Radulov is send on ice.
17:31 of 3rd period - Alexander Romanov is hit by Josh Bailey and loses puck.
18:43 of 3rd period - Josh Bailey is hit by Andrei Kuzmenko and loses puck.
19:02 of 3rd period - Patrick Kane is hit by K'Andre Miller and loses puck.
19:05 of 3rd period - Los Angeles Kings, John Gibson is pulled from the net.
19:19 of 3rd period - Snap shot by Mika Zibanejad.
19:19 of 3rd period - Goal by Mika Zibanejad - Detroit Red Wings : 5 - Los Angeles Kings : 3.
19:19 of 3rd period - John Gibson from Los Angeles Kings was sent back in the game.
19:20 of 3rd period - Sean Couturier wins face-off versus Cooper Marody in neutral zone.
19:25 of 3rd period - Wrist shot by Jared McCann.
19:25 of 3rd period - Shot Misses the Net.
Goals for this period are 3 for Detroit Red Wings vs 0 for Los Angeles Kings.
Shots for this period are 11 for Detroit Red Wings vs 10 for Los Angeles Kings.
Back to the Top